 Dungeon Crawl Stone Soup version 0.20-a0-792-g09bcfd3 (webtiles) character file.

584567 Gorglomux the Slayer (level 27, -15/322 HPs)
             Began as a Hill Orc Berserker on Feb 28, 2017.
             Was a High Priest of Trog.
             Killed from afar by a shard shrike (53 damage)
             ... with a shard of ice
             ... on level 12 of a ziggurat on Mar 1, 2017.
             The game lasted 02:25:00 (58066 turns).

Gorglomux the Slayer (Hill Orc Berserker)          Turns: 58066, Time: 02:25:01

Health: -15/322    AC: 43    Str: 28    XL:     27
Magic:  40/40      EV: 19    Int:  7    God:    Trog [*****.]
Gold:   1740       SH:  0    Dex: 25    Spells: 26/26 levels left

rFire    + + .     SeeInvis +   q - +9 executioner's axe (vamp) {god gift}
rCold    . . .     Gourm    .   m - +7 plate armour {MR+}
rNeg     + + +     Faith    .   (shield currently unavailable)
rPois    .         Spirit   .   b - +3 hat of Fuduc {+Blink}
rElec    +         Reflect  .   Q - +2 cloak {rF+}
rCorr    .         Harm     .   o - +2 pair of gloves {Dex+3}
MR       +++++     Clarity  +   v - +0 pair of boots "Osen" {Dex+7}
Stlth    ..........             L - amulet of the Four Winds {rN+ MR+++ Clar}
Regen    0.7/turn               f - ring of protection from fire
MPRegen  0.3/turn               l - ring "Segacu" {*Slow rElec rN++ MP+9 SInv}

@: very slightly contaminated
A: yellow scales 1, agile 1, low mp 1, robust 2, weak 1
}: 3/15 runes: decaying, serpentine, silver
a: Berserk, Trog's Hand, Brothers in Arms, Burn Spellbooks, Renounce Religion,
Evoke Blink


You were on level 12 of a ziggurat.
You worshipped Trog.
Trog was extremely pleased with you.
You were not hungry.

You visited 9 branches of the dungeon, and saw 41 of its levels.
You visited 1 bazaar.
You visited 1 ziggurat, and saw 12 of its levels.
You also visited: Labyrinth, Volcano and Wizlab.

You collected 6023 gold pieces.
You spent 4283 gold pieces at shops.

Inventory:

Hand Weapons
 q - a +9 vampiric executioner's axe (weapon) {god gift}
 F - the +7 battleaxe of Descent {chop, +Blink rF++ rC+ Str-5}
   (You bought it in a shop on level 1 of the Orcish Mines)

   It inflicts extra damage upon your enemies.
   It affects your strength (-5).
   It greatly protects you from fire.
   It protects you from cold.
   It lets you blink.
Missiles
 Z - 7 throwing nets (quivered)
Armour
 b - the +3 hat of Fuduc (worn) {+Blink}
   (You found it on level 6 of the Lair of Beasts)

   It lets you blink.
 m - a +7 plate armour of magic resistance (worn)
 o - a +2 pair of gloves of dexterity (worn)
 v - the +0 pair of boots "Osen" (worn) {Dex+7}
   (You found it on level 3 of the Elven Halls)

   It affects your dexterity (+7).
 Q - a +2 cloak of fire resistance (worn)
Jewellery
 f - a ring of protection from fire (right hand)
 g - an uncursed ring of resist corrosion
 l - the ring "Segacu" (left hand) {*Slow rElec rN++ MP+9 SInv}
   (You found it on level 9 of a ziggurat)

   [ring of magical power]

   It insulates you from electricity.
   It greatly protects you from negative energy.
   It affects your magic capacity (+9).
   It lets you see invisible.
   It may slow you when you take damage.
 L - the amulet of the Four Winds (around neck) {rN+ MR+++ Clar}
   (You found it on level 3 of the Elven Halls)

   [amulet of nothing]

   It protects you from negative energy.
   It affects your resistance to hostile enchantments.
   It protects you against confusion.
Wands
 z - a wand of disintegration (13/24)
 A - a wand of acid (5/15)
 I - a wand of iceblast (6/15)
 P - a wand of paralysis (9/24)
Scrolls
 h - 7 scrolls of fog
 j - 3 scrolls of holy word
 p - 11 scrolls of immolation
 w - 3 scrolls of recharging
 B - 11 scrolls of blinking
 C - 2 scrolls of silence
 K - 9 scrolls of fear
 M - 6 scrolls of magic mapping
 O - 2 scrolls of summoning
 R - 13 scrolls of identify
 S - 19 scrolls of remove curse
 T - 18 scrolls of teleportation
Potions
 a - 5 potions of haste
 d - 10 potions of might
 k - 27 potions of curing
 n - 11 potions of mutation
 t - 21 potions of heal wounds
 u - 14 potions of flight
 y - 2 potions of brilliance
 D - 5 potions of resistance
 E - 9 potions of invisibility
 J - 7 potions of agility
 N - 2 potions of cancellation
Miscellaneous
 G - a fan of gales
 H - a lightning rod (4/4)
 U - 3 boxes of beasts
 V - 3 phantom mirrors
 W - 3 sacks of spiders
 X - a phial of floods
 Y - a lamp of fire
Comestibles
 e - 30 bread rations
 s - 3 meat rations
 x - 2 royal jellies


   Skills:
 + Level 26.3 Fighting
 - Level 26.1 Axes
 + Level 24.3 Armour
 + Level 11.8 Dodging
 - Level 16.0 Evocations


You had 26 spell levels left.
You didn't know any spells.

Dungeon Overview and Level Annotations

Branches:
Dungeon (15/15)            Temple (0/1) D:7            Lair (6/6) D:9
  Swamp (4/4) Lair:2        Snake (4/4) Lair:2        Slime (0/5) Lair:5
    Orc (2/2) D:11            Elf (3/3) Orc:2        Vaults (5/5) D:14
  Crypt (1/3) Vaults:3     Depths (1/5) D:15

Altars:
Ashenzari
Cheibriados
Dithmenos
Elyvilon
Hepliaklqana
Kikubaaqudgha
Nemelex Xobeh
Sif Muna
Trog
Vehumet
Yredelemnul
Zin
Beogh

Shops:
Orc:1 (}   Orc:2 !=*(   Elf:1 :(   Elf:2 !=!   Elf:3 (   Snake:1 }==
Snake:3 [   Vaults:2 }   Vaults:3 (

Portals:
Hell: Depths:1
Abyss: Depths:1

Annotations:
Depths:1 2 runed doors, exclusion: door


Innate Abilities, Weirdness & Mutations

You are partially covered in yellow scales. (AC +2)
You are agile. (Dex +2)
Your magical capacity is low. (-10% MP)
You are very robust. (+20% HP)
You are weak. (Str -2)


Message History

The storm dragon skeleton bites you.
* * * LOW HITPOINT WARNING * * *
The storm dragon skeleton misses you.
The storm dragon skeleton tramples you but does no damage.
Blink to where?
Press: ? - help, Dir - move target cursor You are very lightly contaminated with residual magic.
As you read the scroll of blinking, it crumbles to dust.
The shard shrike screeches!
The skeletal warrior hits you from afar with a halberd.
* * * LOW HITPOINT WARNING * * *
Found a runed hand axe, a book of Ice, a phantom mirror and a fan of gales.
Found two gates leading back out of this place.
Found a stone staircase leading down.
Blink to where?
Press: ? - help, Dir - move target cursor
As you read the scroll of blinking, it crumbles to dust.
The shard shrike spits a shard of ice at you.
The shard of ice hits you!
You die...

▓▓▓▓▓▓▓▓▓▓▓
▓▓....§§§..▓▓
▓▓§..z.§.§...▓▓
▓▓..b.Z§.§§....▓
▓.bW.z.§§.§.....
▓▓)..54D)Z§#......
▓▓∩)|...2##4#§.....
▓}>)[..z.2§.§......
▓▓@}|.....#§##.....
▓▓"......#........
▓...............
▓▓.............▓
▓▓...........▓▓
▓▓.........▓ ▓▓▓
▓▓▓


You could see a bone dragon, 2 shard shrikes, a reaper, a blizzard demon, 3
skeletal warriors, an ice devil, a freezing wraith, a white imp and a titan
skeleton.

Vanquished Creatures
  An ancient lich (Zig:10)
  Sojobo (Vaults:3)
  Boris (Vaults:3)
  A shard shrike (Zig:12)
  Saint Roka (Snake:2)
  2 Killer Klowns
  Vashnia (Snake:2)
  Nikola (Swamp:2)
  3 golden dragons
  A profane servitor (Zig:10)
  Jorgrun (Swamp:2)
  2 tentacled monstrosities (Vaults:5)
  Rupert (D:15)
  3 quicksilver dragons
  4 liches
  4 titans
  2 deep elf master archers (Elf:3)
  2 deep elf blademasters
  4 sphinxes
  3 shadow dragons
  3 draconian monks (Zig:11)
  Kirke (Swamp:1)
  7 tengu reavers
  2 thorn hunters
  6 storm dragons
  Roxanne (D:14)
  Gastronok (Lair:2)
  A revenant (Zig:10)
  7 nagarajas
  4 azure jellies (Zig:7)
  A frost giant (shapeshifter) (Vaults:4)
  A draconian knight (Zig:11)
  2 draconian shifters (Zig:11)
  4 fire giants
  3 frost giants
  Louise (Snake:2)
  2 draconian scorchers (Zig:11)
  17 vault wardens
  5 deep elf elementalists
  10 deep elf sorcerers
  A curse skull (Zig:10)
  A reaper (Zig:10)
  14 ironheart preservers
  Aizul (Snake:1)
  A draconian stormcaller (Zig:11)
  3 balrugs
  4 war gargoyles (Vaults:5)
  An entropy weaver (Zig:4)
  An entropy weaver (shapeshifter) (Vaults:4)
  14 stone giants
  9 very ugly things
  A vampire knight (Zig:10)
  A juggernaut skeleton (Depths:1)
  5 dire elephants (Lair:6)
  5 deep elf demonologists (Elf:3)
  2 white draconians (Zig:11)
  7 deep elf annihilators
  Azrael (D:15)
  A purple draconian (Zig:11)
  4 spark wasps (Depths:1)
  10 deep elf death magi
  An orange crystal statue (WizLab)
  3 eidola (Zig:10)
  2 ettins (Vaults:5)
  A death ooze (Zig:7)
  4 fire dragons
  4 great orbs of eyes
  A minotaur (Lab)
  27 vault guards
  Erolcha (D:11)
  10 yaktaur captains
  A quicksilver dragon skeleton (Zig:8)
  Harold (D:12)
  4 deep elf high priests
  11 ogre magi
  3 rakshasas
  Fannar (Lair:2)
  An ice dragon (Vaults:1)
  13 naga warriors
  9 centaur warriors
  4 death knights
  16 hydras
  22 anacondas
  A merfolk aquamancer (Zig:5)
  33 two-headed ogres
  30 dancing weapons
  2 tengu warriors
  4 death yaks (Lair:5)
  The ghost of Yehuk the Nimble, a novice TrTm of Cheibriados (D:9)
  5 deep troll earth magi
  5 deep troll shamans
  2 orc high priests
  A queen ant (shapeshifter) (Vaults:5)
  A vampire mage (Zig:10)
  14 naga sharpshooters
  A storm dragon zombie (Vaults:3)
  A hell hog (Zig:8)
  5 alligators
  2 shock serpents (shapeshifter)
  Urug (Lair:2)
  A sun demon (Volcano)
  14 shock serpents
  21 deep elf knights
  10 salamander mystics
  2 small abominations (Vaults:5)
  12 skeletal warriors
  3 shadow wraiths
  21 deep trolls
  9 naga ritualists
  An unseen horror (D:10)
  6 spriggan druids
  5 glowing orange brains
  5 lindwurms
  2 flayed ghosts
  4 wizards
  4 phantasmal warriors
  4 harpies (Vaults:5)
  12 swamp dragons
  22 orc knights
  2 large abominations
  18 ironbrand convokers
  12 deep elf archers
  2 harpies (shapeshifter)
  20 mana vipers
  A wolf spider zombie (D:15)
  A shadow dragon skeleton (Zig:8)
  8 necromancers
  53 deep elf magi
  2 stone giant zombies
  An oklob plant (Snake:2)
  A wolf spider (shapeshifter) (Vaults:5)
  A shining eye (Zig:7)
  2 fire giant zombies
  A manticore (shapeshifter) (Vaults:3)
  10 orc sorcerers
  A tengu skeleton (Vaults:5)
  19 ugly things
  20 salamanders
  4 wolf spiders
  36 elephants
  3 fire giant skeletons
  A sphinx skeleton (Vaults:5)
  9 cyclopes
  A stone giant skeleton (Vaults:3)
  A spriggan zombie (Zig:12)
  A cyclops (shapeshifter) (D:15)
  30 naga magi
  19 vault sentinels
  7 guardian serpents
  An iron dragon skeleton (Zig:8)
  2 torpor snails
  35 black mambas
  A smoke demon (Depths:1)
  A dire elephant zombie (Crypt:1)
  An ice statue (Zig:2)
  A torpor snail (shapeshifter) (Zig:3)
  2 molten gargoyles (Volcano)
  A yaktaur zombie (Vaults:4)
  2 gargoyles
  18 spiny frogs
  3 rime drakes
  2 hellions (Zig:6)
  60 yaktaurs
  2 tormentors
  A kobold demonologist (D:11)
  An ice devil (Zig:12)
  A yaktaur (shapeshifter) (Vaults:5)
  2 human skeletons
  9 freezing wraiths
  4 hellwings (Depths:1)
  7 komodo dragons
  A demonic crawler (Zig:2)
  6 red devils
  A jumping spider (Zig:2)
  A green draconian skeleton (Crypt:1)
  A tengu conjurer (Depths:1)
  6 polar bears
  7 tyrant leeches
  8 hornets
  A hornet (shapeshifter) (Vaults:2)
  7 trolls
  33 slime creatures
  4 bog bodies
  6 dream sheep (Lair:5)
  5 hippogriffs
  8 blink frogs
  3 flying skulls
  A human simulacrum (Vaults:5)
  A hippogriff (shapeshifter) (Vaults:5)
  A frost giant simulacrum (Vaults:3)
  3 redbacks
  5 air elementals
  4 water elementals
  An ettin skeleton (Vaults:4)
  5 spriggans
  5 fire elementals
  3 shadows
  2 vampires
  43 yaks
  6 wyverns
  6 hogs (Swamp:1)
  A hog (shapeshifter) (Vaults:5)
  9 fire bats
  Eustachio (D:5)
  A golden eye (Zig:7)
  A steam dragon (D:11)
  5 wraiths
  3 basilisks
  13 vampire mosquitoes
  Grum (D:8)
  2 chaos spawn (Zig:3)
  4 hungry ghosts
  2 yaktaur simulacra
  12 wargs
  Menkaure (D:6)
  2 soldier ants (D:12)
  Edmund (D:4)
  49 nagas
  6 insubstantial wisps (Swamp:1)
  An acid dragon (Vaults:2)
  26 swamp worms
  9 hell hounds
  14 water moccasins
  6 porcupines
  A human zombie (Vaults:3)
  4 ice beasts
  13 swamp drakes
  A black bear (shapeshifter) (Depths:1)
  41 orc warriors
  2 eyes of draining
  38 ogres
  2 black bears
  4 sky beasts
  4 boggarts (Vaults:2)
  3 necrophages
  A swamp dragon zombie (Crypt:1)
  A phantom (D:12)
  19 wolves
  2 elf zombies
  22 centaurs
  7 crocodiles
  9 big kobolds
  12 bullfrogs
  4 wyvern skeletons
  2 scorpions
  20 wights
  2 howler monkeys (D:9)
  6 lava snakes (Volcano)
  13 crimson imps
  2 bullfrog zombies
  21 orc priests
  2 centaur zombies
  4 hounds
  2 bullfrog skeletons
  3 gnoll shamans
  5 centaur skeletons
  6 jellies
  5 iguanas
  40 orc wizards
  6 worker ants
  A shapeshifter simulacrum (Depths:1)
  A naga zombie (Crypt:1)
  A hound zombie (D:9)
  2 hound skeletons
  A mummy (D:7)
  A howler monkey zombie (D:9)
  Robin (D:3)
  43 gnolls
  9 river rats (D:7)
  20 adders
  2 shadow imps
  6 oozes
  2 adder skeletons
  3 dart slugs
  A worm (D:3)
  8 leopard geckos
  111 orcs
  5 giant cockroaches
  15 goblins
  15 hobgoblins
  33 jackals
  5 quokkas
  A ball python (D:6)
  9 bats
  5 frilled lizards
  57 kobolds
  A quokka skeleton (D:4)
  A quokka zombie (D:9)
  25 rats
  2 briar patches (Swamp:1)
  3 crawling corpses
  6 fungi
  11 plants
2146 creatures vanquished.

Vanquished Creatures (collateral kills)
  the Lernaean hydra (Swamp:3)
  A vault warden (Vaults:1)
  2 frost giants (Vaults:4)
  A vampire knight (Zig:10)
  6 hydras
  2 naga sharpshooters (Snake:2)
  A soul eater (Zig:10)
  3 hell knights (Vaults:4)
  An unseen horror (Vaults:1)
  3 swamp dragons (Swamp:4)
  An ironbrand convoker (Vaults:4)
  A necromancer (Vaults:4)
  An orc sorcerer (Orc:2)
  3 ugly things (Vaults:1)
  A rime drake (Lair:1)
  3 yaktaurs (Vaults:1)
  A bog body (Swamp:4)
  A hornet (Vaults:4)
  2 blink frogs (Swamp:2)
  A slime creature (Swamp:2)
  A vampire mosquito (Swamp:4)
  A naga (Snake:2)
  A swamp drake (Swamp:4)
  7 orc wizards (Orc:2)
  5 orcs
51 creatures vanquished.

Vanquished Creatures (others)
  A shadow dragon (Vaults:5)
  A draconian annihilator (Zig:11)
  A draconian shifter (Zig:11)
  An entropy weaver (Vaults:1)
  A large abomination (Elf:3)
  2 death yaks (Lair:5)
  A deep elf knight (Elf:2)
  A black mamba (Snake:3)
  A vault sentinel (Vaults:5)
  A bullfrog (Lair:5)
  An orc (Orc:2)
  A quokka (D:11)
  A briar patch (Swamp:1)
  6 fungi
  7 plants
27 creatures vanquished.

Grand Total: 2224 creatures vanquished

Notes
Turn   | Place    | Note
-------+----------+-------------------------------------------
     0 | D:1      | Gorglomux the Hill Orc Berserker began the quest for the Orb.
     0 | D:1      | Reached XP level 1. HP: 19/19 MP: 1/1
   307 | D:1      | Reached XP level 2. HP: 26/26 MP: 2/2
   539 | D:1      | Reached XP level 3. HP: 28/31 MP: 3/3
   839 | D:2      | Reached ** piety under Trog
   979 | D:2      | Reached skill level 6 in Axes
  1033 | D:2      | Reached XP level 4. HP: 39/39 MP: 4/4
  1212 | D:2      | Found a shadowy altar of Dithmenos.
  1952 | D:3      | Reached XP level 5. HP: 45/45 MP: 5/5
  2113 | D:3      | Reached *** piety under Trog
  2113 | D:3      | Received a gift from Trog
  2190 | D:3      | Noticed Robin
  2199 | D:3      | Found a basalt altar of Yredelemnul.
  2200 | D:3      | Killed Robin
  2478 | D:3      | Found an ancient bone altar of Kikubaaqudgha.
  2479 | D:3      | Reached XP level 6. HP: 50/51 MP: 6/6
  2815 | D:4      | Reached skill level 9 in Axes
  2951 | D:4      | Found a bloodstained altar of Trog.
  3032 | D:4      | Reached **** piety under Trog
  3365 | D:4      | Noticed Edmund
  3382 | D:4      | Killed Edmund
  3382 | D:4      | Reached XP level 7. HP: 41/57 MP: 7/7
  3974 | D:5      | Entered Level 5 of the Dungeon
  4243 | D:5      | Found a hazy altar of Hepliaklqana.
  4300 | D:5      | Noticed Eustachio
  4333 | D:5      | Killed Eustachio
  4333 | D:5      | Reached XP level 8. HP: 63/64 MP: 8/8
  4369 | D:5      | Found a deep blue altar of Sif Muna.
  4387 | D:5      | Reached skill level 12 in Axes
  5129 | D:5      | Reached ***** piety under Trog
  5287 | D:5      | Found a glowing silver altar of Zin.
  5456 | D:5      | Reached XP level 9. HP: 70/70 MP: 6/9
  5639 | D:6      | Found a shattered altar of Ashenzari.
  5772 | D:6      | Reached skill level 15 in Axes
  5996 | D:6      | Noticed Menkaure
  6002 | D:6      | Killed Menkaure
  6598 | D:7      | Found a snail-covered altar of Cheibriados.
  6633 | D:7      | Found a staircase to the Ecumenical Temple.
  6890 | D:7      | Reached skill level 6 in Fighting
  6959 | D:7      | Received a gift from Trog
  7029 | D:7      | Reached XP level 10. HP: 83/83 MP: 3/10
  7568 | D:8      | Noticed Grum
  7577 | D:8      | Killed Grum
  7897 | D:8      | Noticed a gargoyle
  7902 | D:8      | Killed a gargoyle
  7902 | D:8      | Reached skill level 9 in Fighting
  8828 | D:9      | Reached skill level 3 in Armour
  8844 | D:9      | Noticed Yehuk's ghost (novice TrTm)
  9189 | D:9      | Killed Yehuk's ghost
  9189 | D:9      | Reached skill level 3 in Dodging
  9290 | D:9      | Found a hazy altar of Hepliaklqana.
  9492 | D:9      | You fall through a shaft for 3 floors!
  9506 | D:12     | Reached XP level 11. HP: 83/97 MP: 3/11
  9654 | D:12     | Noticed a cyclops
  9663 | D:12     | Killed a cyclops
  9743 | D:12     | Reached skill level 6 in Armour
  9933 | D:12     | Received a gift from Trog
 10233 | D:11     | Noticed Erolcha
 10245 | D:11     | Killed Erolcha
 10438 | D:11     | Reached skill level 6 in Dodging
 10521 | D:11     | Found a staircase to the Orcish Mines.
 10532 | D:10     | Entered Level 10 of the Dungeon
 10720 | D:10     | Killed an unseen horror
 11125 | D:9      | Found a staircase to the Lair.
 11412 | D:10     | Reached skill level 9 in Armour
 11412 | D:10     | Reached XP level 12. HP: 104/104 MP: 4/12
 11799 | D:11     | Noticed a four-headed hydra
 11808 | D:11     | Killed an eight-headed hydra
 11813 | D:11     | Paralysed by fainting for 11 turns
 12079 | D:11     | Found a roughly hewn altar of Beogh.
 12369 | D:11     | Noticed a two-headed ogre
 12374 | D:11     | Killed a two-headed ogre
 12874 | D:12     | Noticed Harold
 12890 | D:12     | Killed Harold
 13280 | D:12     | Gained mutation: You evolve. [potion of mutation]
 13439 | D:12     | Noticed a seven-headed hydra
 13446 | D:12     | Killed a nine-headed hydra
 13663 | D:10     | Received a gift from Trog
 13736 | Lair:1   | Entered Level 1 of the Lair of Beasts
 14064 | Lair:1   | Reached skill level 18 in Axes
 14158 | Lair:1   | Found a labyrinth entrance.
 14167 | Lab      | Entered a labyrinth
 14300 | Lab      | Noticed a minotaur
 14307 | Lab      | Killed a minotaur
 14887 | Lair:1   | Noticed a four-headed hydra
 14899 | Lair:1   | Killed a nine-headed hydra
 14899 | Lair:1   | Reached XP level 13. HP: 111/111 MP: 4/13
 15532 | Lair:2   | Noticed Urug
 15537 | Lair:2   | Noticed Fannar
 15551 | Lair:2   | Killed Urug
 15555 | Lair:2   | Killed Fannar
 15688 | Lair:2   | Found a staircase to the Swamp.
 15777 | Lair:2   | Noticed Gastronok
 15797 | Lair:2   | Killed Gastronok
 15855 | Lair:2   | Found a staircase to the Snake Pit.
 16047 | Lair:2   | Gained mutation: Your mind is acute. (Int +2) [evolution]
 16251 | Lair:3   | Received a gift from Trog
 16774 | Lair:3   | Found a dark tunnel.
 16783 | Volcano  | Entered a volcano
 16947 | Volcano  | Reached skill level 21 in Axes
 17110 | Volcano  | Found a bloodstained altar of Trog.
 17371 | Volcano  | Received a gift from Trog
 18095 | Lair:4   | Reached XP level 14. HP: 120/122 MP: 14/14
 19173 | Lair:5   | Gained mutation: You are partially covered in yellow scales. (AC +2) [evolution]
 19207 | Lair:5   | Reached skill level 12 in Fighting
 19297 | Lair:5   | Reached skill level 12 in Armour
 19427 | Lair:5   | Got a twisted chain mail
 19438 | Lair:5   | Identified the +7 chain mail "Coissaz" {rC+ Str+3} (You found it on level 5 of the Lair of Beasts)
 19565 | Lair:5   | Found a staircase to the Slime Pits.
 19941 | Lair:6   | Entered Level 6 of the Lair of Beasts
 20041 | Lair:6   | Found a sparkling altar of Nemelex Xobeh.
 20190 | Lair:6   | Reached ****** piety under Trog
 20663 | Lair:6   | Reached XP level 15. HP: 134/134 MP: 15/15
 21308 | Lair:6   | Got a bloodstained hat
 21319 | Lair:6   | Identified the +3 hat of Fuduc {+Blink} (You found it on level 6 of the Lair of Beasts)
 21413 | Lair:6   | Gained mutation: You are clumsy. (Dex -2) [evolution]
 21578 | Lair:6   | Received a gift from Trog
 22893 | D:14     | Noticed Roxanne
 22960 | D:14     | Killed Roxanne
 22961 | D:14     | Identified Roxanne's Almanac of the Foremost Beds (You took it off Roxanne on level 14 of the Dungeon)
 23144 | D:14     | Found a white marble altar of Elyvilon.
 23348 | D:14     | Found a gate to the Vaults.
 23597 | D:15     | Entered Level 15 of the Dungeon
 23599 | D:15     | Noticed Rupert
 23619 | D:15     | Killed Rupert
 23932 | D:15     | Reached skill level 15 in Fighting
 24029 | D:15     | Found a staircase to the Depths.
 24244 | D:15     | Noticed Azrael
 24253 | D:15     | Received a gift from Trog
 24257 | D:15     | Killed Azrael
 24257 | D:15     | Reached XP level 16. HP: 140/147 MP: 16/16
 24996 | Orc:1    | Entered Level 1 of the Orcish Mines
 24998 | Orc:1    | Found a roughly hewn altar of Beogh.
 25300 | Orc:1    | Found Qytox's Gadget Emporium.
 25302 | Orc:1    | Found Vieck's Antique Weapon Shop.
 25838 | Orc:1    | Bought a crude battleaxe for 276 gold pieces
 25838 | Orc:1    | Identified the +7 battleaxe of Descent {chop, +Blink rF++ rC+ Str-5} (You bought it in a shop on level 1 of the Orcish Mines)
 26048 | Orc:2    | Entered Level 2 of the Orcish Mines
 26052 | Orc:2    | Received a gift from Trog
 26182 | Orc:2    | Found a staircase to the Elven Halls.
 26223 | Orc:2    | Found Ruuf Hau's Weapon Boutique.
 26223 | Orc:2    | Found Ylufomaehi's Assorted Antiques.
 26228 | Orc:2    | Received a gift from Trog
 26252 | Orc:2    | Found a roughly hewn altar of Beogh.
 26316 | Orc:2    | Bought 3 scrolls of teleportation for 297 gold pieces
 26316 | Orc:2    | Bought a scroll labeled LAWOTAMIAS for 33 gold pieces
 26316 | Orc:2    | Bought 2 potions of agility for 264 gold pieces
 26486 | Orc:2    | Found Gosh's Jewellery Boutique.
 26510 | Orc:2    | Found Amatoreq's Distillery.
 26516 | Orc:2    | Reached skill level 15 in Armour
 26526 | Orc:2    | Bought a potion of might for 52 gold pieces
 26526 | Orc:2    | Bought a potion of curing for 39 gold pieces
 26526 | Orc:2    | Bought a potion of curing for 39 gold pieces
 26526 | Orc:2    | Bought a potion of resistance for 130 gold pieces
 26526 | Orc:2    | Bought a potion of curing for 39 gold pieces
 26526 | Orc:2    | Bought a potion of mutation for 104 gold pieces
 26783 | Orc:1    | Bought a glowing broad axe for 168 gold pieces
 26790 | Orc:1    | Bought a lightning rod (4/4) for 640 gold pieces
 26990 | Swamp:1  | Entered Level 1 of the Swamp
 27027 | Swamp:1  | Got a glittering glass ring
 27519 | Swamp:1  | Noticed a thorn hunter
 27540 | Swamp:1  | Killed a thorn hunter
 27587 | Swamp:1  | Received a gift from Trog
 27713 | Swamp:1  | Identified the ring "Tabaxih" {*Corrode rPois rN+ Stlth-} (You found it on level 1 of the Swamp)
 27903 | Swamp:1  | Noticed Kirke
 27922 | Swamp:1  | Killed Kirke
 27950 | Swamp:1  | Gained mutation: You rapidly evolve. [evolution]
 28404 | Swamp:2  | Noticed Nikola
 28422 | Swamp:2  | Killed Nikola
 28422 | Swamp:2  | Received a gift from Trog
 28814 | Swamp:2  | Noticed Jorgrun
 28828 | Swamp:2  | Killed Jorgrun
 28828 | Swamp:2  | Reached XP level 17. HP: 158/158 MP: 17/17
 30000 | Swamp:4  | Entered Level 4 of the Swamp
 30153 | Swamp:4  | Received a gift from Trog
 30485 | Swamp:4  | Noticed the 27-headed Lernaean hydra
 30806 | Swamp:4  | Reached skill level 24 in Axes
 30960 | Snake:1  | Entered Level 1 of the Snake Pit
 31079 | Snake:1  | Found Aloidoest's Gadget Shop.
 31079 | Snake:1  | Found Sacerr's Jewellery Emporium.
 31080 | Snake:1  | Found Gixol's Jewellery Emporium.
 31435 | Snake:1  | Gained mutation: You are robust. (+10% HP) [evolution]
 31581 | Snake:1  | Reached skill level 1 in Evocations
 31617 | Snake:1  | Reached skill level 3 in Evocations
 32086 | Snake:1  | Noticed Aizul
 32099 | Snake:1  | Killed Aizul
 32501 | Snake:2  | Noticed Vashnia
 32538 | Snake:2  | Killed Vashnia
 32543 | Snake:2  | HP: 6/176 [naga sharpshooter/bolt[Vashnia] (8)]
 32965 | Snake:2  | Reached skill level 6 in Evocations
 33108 | Snake:2  | Noticed Saint Roka
 33123 | Snake:2  | Noticed Louise
 33126 | Snake:2  | Killed Saint Roka
 33137 | Snake:2  | Killed Louise
 33475 | Snake:2  | Reached XP level 18. HP: 174/187 MP: 24/24
 33475 | Snake:2  | Received a gift from Trog
 33847 | Snake:2  | Reached skill level 9 in Evocations
 34336 | Snake:3  | Received a gift from Trog
 34860 | Snake:3  | Gained mutation: Scrolls take you a little longer to read. [evolution]
 34870 | Snake:3  | Found Geurus's Armour Emporium.
 34878 | Snake:3  | Lost mutation: You rapidly evolve. [potion of mutation]
 34878 | Snake:3  | Lost mutation: You are clumsy. (Dex -2) [potion of mutation]
 34878 | Snake:3  | Lost mutation: Your mind is acute. (Int +2) [potion of mutation]
 34878 | Snake:3  | Lost mutation: You evolve. [potion of mutation]
 34878 | Snake:3  | Gained mutation: You occasionally shout uncontrollably at your foes. [potion of mutation]
 34878 | Snake:3  | Gained mutation: You are agile. (Dex +2) [potion of mutation]
 34879 | Snake:3  | Lost mutation: Scrolls take you a little longer to read. [potion of mutation]
 34879 | Snake:3  | Lost mutation: You occasionally shout uncontrollably at your foes. [potion of mutation]
 34879 | Snake:3  | Gained mutation: You are weak. (Str -2) [potion of mutation]
 34879 | Snake:3  | Gained mutation: You are very robust. (+20% HP) [potion of mutation]
 34955 | Snake:4  | Entered Level 4 of the Snake Pit
 35513 | Snake:4  | Reached skill level 12 in Evocations
 36833 | Snake:4  | Reached XP level 19. HP: 149/212 MP: 9/29
 37158 | Snake:4  | Received a gift from Trog
 37419 | Snake:4  | Reached skill level 15 in Evocations
 38096 | Snake:4  | Got a serpentine rune of Zot
 38689 | Swamp:3  | Killed the 26-headed Lernaean hydra
 39047 | Swamp:4  | Got a decaying rune of Zot
 39178 | Swamp:4  | Received a gift from Trog
 39758 | Vaults:1 | Entered Level 1 of the Vaults
 41061 | Vaults:1 | Reached skill level 18 in Fighting
 41062 | Vaults:1 | Reached XP level 20. HP: 207/224 MP: 10/32
 41236 | Vaults:2 | Received a gift from Trog
 41275 | Vaults:2 | Found Puikheol's Gadget Boutique.
 41831 | Vaults:2 | Received a gift from Trog
 42234 | Vaults:2 | Received a gift from Trog
 43007 | Vaults:3 | Noticed Sojobo
 43022 | Vaults:3 | Killed Sojobo
 43458 | Vaults:3 | Received a gift from Trog
 43834 | Vaults:2 | Reached skill level 18 in Armour
 43902 | Vaults:3 | Reached XP level 21. HP: 212/237 MP: 11/33
 43909 | Vaults:3 | Got a dazzling battleaxe {god gift}
 43910 | Vaults:3 | Identified the +6 battleaxe of Imp's Death {god gift, holy, rPois Stlth+} (Trog gifted it to you on level 3 of the Vaults)
 44014 | Vaults:3 | Noticed Boris
 44032 | Vaults:3 | Killed Boris
 44439 | Vaults:3 | Found Avoefix's Weapon Shoppe.
 44864 | Vaults:3 | Paralysed by a wizard for 3 turns
 45119 | Vaults:3 | Found a staircase to the Crypt.
 45545 | Vaults:4 | Received a gift from Trog
 46543 | Vaults:4 | Received a gift from Trog
 46984 | Vaults:4 | Noticed a golden dragon
 46995 | Vaults:4 | Killed a golden dragon
 46995 | Vaults:4 | Reached XP level 22. HP: 203/253 MP: 11/34
 47375 | Elf:1    | Entered Level 1 of the Elven Halls
 47391 | Elf:1    | Found a radiant altar of Vehumet.
 47548 | Elf:1    | Found Paeddaca's Book Shop.
 47556 | Elf:1    | Received a gift from Trog
 47737 | Elf:1    | Reached skill level 21 in Fighting
 48008 | Elf:1    | Found Mal Geci's Weapon Boutique.
 48156 | Elf:1    | Found a flickering gateway to a bazaar.
 48244 | Bazaar   | Entered a bazaar
 48248 | Bazaar   | Found Kenexzewn's Assorted Antiques.
 48266 | Bazaar   | Found Wustralyu's Distillery.
 48271 | Bazaar   | Bought a potion of might for 40 gold pieces
 48271 | Bazaar   | Bought a potion of curing for 30 gold pieces
 48271 | Bazaar   | Bought a potion of heal wounds for 50 gold pieces
 48271 | Bazaar   | Bought a potion of heal wounds for 50 gold pieces
 48271 | Bazaar   | Bought a potion of curing for 30 gold pieces
 48271 | Bazaar   | Bought a potion of haste for 100 gold pieces
 48283 | Bazaar   | Found Sofie's Distillery.
 48288 | Bazaar   | Bought a potion of heal wounds for 80 gold pieces
 48288 | Bazaar   | Bought a potion of curing for 48 gold pieces
 48288 | Bazaar   | Bought a potion of haste for 160 gold pieces
 48288 | Bazaar   | Bought a potion of heal wounds for 80 gold pieces
 48288 | Bazaar   | Bought a potion of curing for 48 gold pieces
 48303 | Bazaar   | Bought a potion of ambrosia for 80 gold pieces
 48331 | Bazaar   | Found Kilo's Assorted Antiques.
 48336 | Bazaar   | Bought a pitted tin amulet for 80 gold pieces
 48336 | Bazaar   | Bought a cloak for 72 gold pieces
 48336 | Bazaar   | Bought 3 scrolls of fear for 168 gold pieces
 48337 | Bazaar   | Identified the amulet "Vairy" {Faith *Contam rN+ Dex+2 Stlth+} (You bought it in a shop in a bazaar)
 48405 | Bazaar   | Bought a steel ring for 100 gold pieces
 48405 | Bazaar   | Bought a potion of resistance for 200 gold pieces
 48405 | Bazaar   | Bought a scroll of teleportation for 60 gold pieces
 48405 | Bazaar   | Bought a potion of mutation for 160 gold pieces
 48774 | Elf:2    | Found Ibusioqi's Jewellery Shop.
 48891 | Elf:2    | Found Qisuogh's Distillery.
 48980 | Elf:2    | Bought a potion of agility for 72 gold pieces
 48980 | Elf:2    | Bought a potion of lignification for 54 gold pieces
 48980 | Elf:2    | Bought a potion of heal wounds for 90 gold pieces
 49019 | Elf:2    | Received a gift from Trog
 49117 | Elf:2    | Found Urytha's Distillery.
 49120 | Elf:2    | Bought a potion of haste for 140 gold pieces
 49120 | Elf:2    | Bought a potion of heal wounds for 70 gold pieces
 49120 | Elf:2    | Bought a potion of haste for 140 gold pieces
 49129 | Elf:2    | Found a deep blue altar of Sif Muna.
 49162 | Elf:2    | Found a runed gate.
 49163 | Elf:2    | Found a runed gate.
 49166 | Elf:2    | Found a runed gate.
 50034 | Elf:3    | Entered Level 3 of the Elven Halls
 50039 | Elf:3    | Received a gift from Trog
 50237 | Elf:3    | Received a gift from Trog
 50283 | Elf:3    | Got a pair of ichor-stained boots
 50294 | Elf:3    | Identified the +0 pair of boots "Osen" {Dex+7} (You found it on level 3 of the Elven Halls)
 50346 | Elf:3    | Reached XP level 23. HP: 259/268 MP: 35/35
 50416 | Elf:3    | Got a coiled copper amulet
 50417 | Elf:3    | Identified the amulet "Qaad" {*Slow +Blink rPois Regen+ Str-5} (You took it off a deep elf elementalist on level 3 of the Elven Halls)
 50848 | Elf:3    | Reached skill level 21 in Armour
 50883 | Elf:3    | Identified a scroll of acquirement
 50918 | Elf:3    | Got a smoking chain mail
 50929 | Elf:3    | Identified the cursed +0 chain mail "Cuiramiw" {*Corrode rF++ rC+} (You found it on level 3 of the Elven Halls)
 50951 | Elf:3    | Got a pair of twisted boots
 50962 | Elf:3    | Identified the -3 pair of boots of the Grey Skies {rC+ Regen+} (You acquired it on level 3 of the Elven Halls)
 51270 | Elf:3    | Found Hoebb's Antique Weapon Emporium.
 51824 | Crypt:1  | Entered Level 1 of the Crypt
 51824 | Crypt:1  | Found a magical portal.
 51872 | WizLab   | Entered Wucad Mu's Monastery
 52572 | WizLab   | Reached XP level 24. HP: 280/280 MP: 35/35
 52862 | Vaults:5 | Entered Level 5 of the Vaults
 53833 | Vaults:5 | Reached skill level 24 in Fighting
 53849 | Vaults:5 | Reached XP level 25. HP: 228/294 MP: 35/35
 54159 | Vaults:5 | Received a gift from Trog
 54362 | Vaults:5 | Received a gift from Trog
 54390 | Vaults:5 | Got a pitted pewter amulet
 54530 | Vaults:5 | Identified the amulet "Rera" {+Rage rC++ MR+ Str-3} (You took it off a vault warden on level 5 of the Vaults)
 55083 | Vaults:5 | Got a silver rune of Zot
 55122 | Vaults:5 | Identified the +2 pair of boots of Bioz {Int+4} (You found it on level 5 of the Vaults)
 55816 | Depths:1 | Entered Level 1 of the Depths
 55816 | Depths:1 | Found a one-way gate to the infinite horrors of the Abyss.
 55825 | Depths:1 | Found a gateway to Hell.
 55957 | Depths:1 | Received a gift from Trog
 56461 | Depths:1 | Found a runed door.
 56462 | Depths:1 | Found a runed door.
 56471 | Depths:1 | Found a runed warning-scrawled door.
 56545 | Depths:1 | Found a gateway to a ziggurat.
 56756 | Zig:1    | Entered Level 1 of a ziggurat
 56757 | Zig:1    | Noticed a Killer Klown
 56772 | Zig:1    | Killed a Killer Klown
 56792 | Zig:2    | Entered Level 2 of a ziggurat
 56815 | Zig:3    | Entered Level 3 of a ziggurat
 56819 | Zig:3    | Noticed a Killer Klown
 56837 | Zig:3    | Killed a Killer Klown
 56852 | Zig:4    | Entered Level 4 of a ziggurat
 56865 | Zig:4    | Reached XP level 26. HP: 290/312 MP: 35/35
 56868 | Zig:4    | Received a gift from Trog
 56879 | Zig:5    | Entered Level 5 of a ziggurat
 56929 | Zig:6    | Entered Level 6 of a ziggurat
 56944 | Zig:6    | Reached skill level 9 in Dodging
 56965 | Zig:6    | Got a scorched lead ring
 56967 | Zig:6    | Identified the cursed ring "Vefentye" {rN++ Dex-2} (You found it on level 6 of a ziggurat)
 57072 | Zig:7    | Entered Level 7 of a ziggurat
 57083 | Zig:7    | Gained mutation: Your magical capacity is low. (-10% MP) [a shining eye]
 57139 | Zig:8    | Entered Level 8 of a ziggurat
 57164 | Zig:8    | Reached skill level 24 in Armour
 57179 | Zig:8    | Reached XP level 27. HP: 138/321 MP: 31/31
 57475 | Zig:9    | Entered Level 9 of a ziggurat
 57536 | Zig:9    | Got a transparent platinum ring
 57538 | Zig:9    | Identified the ring "Segacu" {*Slow rElec rN++ MP+9 SInv} (You found it on level 9 of a ziggurat)
 57665 | Zig:10   | Entered Level 10 of a ziggurat
 57677 | Zig:10   | Noticed an ancient lich
 57706 | Zig:10   | Killed an ancient lich
 57941 | Zig:11   | Entered Level 11 of a ziggurat
 57975 | Zig:11   | Received a gift from Trog
 58039 | Zig:12   | Entered Level 12 of a ziggurat
 58066 | Zig:12   | Killed from afar by a shard shrike

Vault maps used:
D:1:      elethiomel_arrival_diamonds, minivault_19, minmay_hexomino_u4
D:2:      minmay_door_path, nicolae_dithmenos_shadow_blocks
D:3:      minmay_diamond_boxcup, kiku_gazebo_pond_becter,
          lemuel_coloured_pillars_altar, first_bread, uniq_robin
D:4:      bloody_trog, st_stairs_13, corexii_leaking_fountain, corexii_shack,
          uniq_edmund
D:5:      minmay_goblin_kobold_castle, lemuel_crystal_altar, tgw_sif,
          nicolae_overflow_crystal_walls, uniq_eustachio
D:6:      lemuel_castle_with_subvaults, hangedman_decor_points,
          minmay_liquid_box, minmay_misc_feat_cross, columned_hall_lemuel,
          ashenzari_altar_1, uniq_menkaure
D:7:      slow_altar_1, minmay_temple_entry_junction_2, grunt_ministairs_2,
          dk_rats_in_the_wall
D:8:      uniq_grum
D:9:      dpeg_oklobed_lair, basic_altar
D:11:     orc_0_dummy, special_room, uniq_erolcha
D:12:     hangedman_pestilent_swarm, minmay_misc_feat_chi, uniq_harold
D:14:     david_vaults_1, minivault_4, elyvilon_altar_5, uniq_roxanne
D:15:     hangedman_depths_entry_civil_slaughter, uniq_rupert, uniq_azrael
Lair:1:   lab_entry_generic
Lair:2:   swamp_mist_pool, guppyfry_snake_entry_garden, uniq_gastronok,
          uniq_fannar, uniq_urug
Lair:3:   nicolae_volcano_entry_batcave, beast_lair_carwin_5
Lair:5:   beast_lair_carwin_large_4, nicolae_slime_entry_slimehenge,
          cheibrodos_lair_lostbears
Lair:6:   due_jungle_book, basic_altar
Swamp:1:  nicolae_swamp_orc_logging_accident, uniq_kirke
Swamp:2:  nicolae_swamp_rocky_clearing, infiniplex_staircase_pool, uniq_jorgrun,
          uniq_nikola
Swamp:3:  evilmike_swamp_ruin_rubble_2
Swamp:4:  swamp, swamp_pool1
Snake:1:  lemuel_fruit_tree, minmay_shop_grove, uniq_aizul
Snake:2:  dpeg_oklob_gauntlet, uniq_saint_roka, uniq_louise, uniq_vashnia
Snake:3:  serial_shops, shop
Snake:4:  snake_pit_salamanders_mu
Orc:1:    basic_altar, guppyfry_orc_lava_fort
Orc:2:    st_orc_town, mines2_lemuel
Elf:1:    eino_elf_arrival_altar, serial_shops, bzr_entry_road, shop,
          nicolae_shop_competitors_out_of_business, hangedman_elf_represent
Elf:2:    basic_altar, serial_shops, nicolae_shop_crystal, shop, shop
Elf:3:    minmay_elf_hall_spiked, serial_shops, shop
Vaults:1: nicolae_vaults_little_squares_3, vaults_room_grid,
          nicolae_vaults_mini_display_case, nicolae_vaults_little_squares_4,
          vaults_room_stairs_pillars, v_alt_pattern_4,
          nicolae_vaults_shelves_hall
Vaults:2: ontoclasm_vaults_gateway, nicolae_vaults_quartermaster,
          nicolae_vaults_little_squares_2, v_misc_30,
          nicolae_vaults_windows_and_doors_thing, v_rooms_3,
          vaults_room_corners, nicolae_vaults_network_s,
          nicolae_vaults_little_squares_4, hangedman_vaults_stagger,
          vaults_room_door_ring, vaults_room_octagon, v_misc_22, serial_shops,
          shop
Vaults:3: blue_anna_dwarven_crypt, v_rooms_2, v_misc_33, hangedman_vaults_snaps,
          serial_ice_b, ontoclasm_vaults_hangar, v_pattern_5, v_rooms_6,
          vaults_room_ringed_pool, ontoclasm_vaults_decontamination,
          serial_shops, nicolae_shop_behind_doors, uniq_boris, uniq_sojobo
Vaults:4: nicolae_vaults_stairing_the_circle, hangedman_vaults_stitches,
          v_alt_pattern_1, v_rooms_1, ontoclasm_vaults_echo, v_misc_14,
          nicolae_vaults_rhombus_6, hangedman_vaults_impose,
          nicolae_vaults_shelves_hall, ontoclasm_vaults_loading_screen,
          ontoclasm_vaults_ring_large, vaults_room_fours, vaults_dpeg_ring
Crypt:1:  mu_enter_wizlab_1
Depths:1: enter_ziggurat_e, serial_sigils_hangedman_snap, hellmouth_3,
          abyss_entry, mikee_hates_you
Zig:10:   ziggurat_pillar_centre_c
Zig:11:   ziggurat_pillar_centre_dead_trees
Zig:12:   ziggurat_pillar_centre_smoke
Lab:      labyrinth_watery, labyrinth_skeletal_remains, lab_hedge,
          nicolae_lab_hexagon, nicolae_lab_swirl, nicolae_lab_dead_end,
          lab_block, nicolae_lab_diamond
Bazaar:   bazaar_jpeg_circle_common
Volcano:  volcano_grotto
WizLab:   wizlab_wucad

Skill      XL: |  1  2  3  4  5  6  7  8  9 10 11 12 13 14 15 16 17 18 19 20 21 22 23 24 25 26 27 |
---------------+----------------------------------------------------------------------------------+-----
Axes           | 5 6 7 8 10 11 14 16 18 21 22 23 24 25 26 | 26.1
Fighting       | 6 10 11 13 15 16 17 18 19 20 22 24 25 26 | 26.3
Dodging        | 3 7 8 10 11 | 11.8
Armour         | 5 9 10 12 14 15 16 18 19 20 21 22 23 24 | 24.3
Evocations     | 8 13 16 | 16.0

Action                   |  1- 3 |  4- 6 |  7- 9 | 10-12 | 13-15 | 16-18 | 19-21 | 22-24 | 25-27 || total
-------------------------+-------+-------+-------+-------+-------+-------+-------+-------+-------++-------
Melee: Hand axe          |    97 |    79 |       |       |       |       |       |       |       ||   176
       War axe           |       |   126 |   323 |       |       |       |       |       |       ||   449
       Battleaxe         |       |       |     2 |   532 |   237 |   818 |    57 |       |       ||  1646
       Executioner's axe |       |       |       |       |   532 |   408 |  1147 |   743 |   595 ||  3425
Invok: Berserk           |     1 |     4 |     8 |    21 |    16 |    15 |     5 |     2 |       ||    72
       Trog's Hand       |       |       |     1 |     7 |     5 |    28 |    10 |    15 |     6 ||    72
       Burn Spellbooks   |       |       |       |     3 |     4 |     5 |     1 |     3 |     7 ||    23
       Brothers in Arms  |       |       |       |       |       |    12 |     5 |       |     2 ||    19
 Abil: Evoke Blink       |       |       |       |       |       |       |     1 |       |       ||     1
Evoke: Wand              |       |       |       |       |     1 |     6 |     1 |     1 |     9 ||    18
       Lightning rod     |       |       |       |       |       |     2 |       |       |     2 ||     4
       Box of beasts     |       |       |       |       |       |       |       |       |     2 ||     2
  Use: Scroll            |       |       |       |    22 |     8 |    20 |     5 |    14 |    15 ||    84
       Potion            |       |       |       |     1 |       |     7 |       |     9 |     3 ||    20
 Stab: Distracted        |       |       |     1 |       |       |     1 |       |       |     2 ||     4
       Sleeping          |       |       |       |     4 |       |       |       |       |       ||     4
  Eat: Chunk             |     1 |    11 |    20 |    45 |    41 |    50 |    32 |    16 |     5 ||   221
       Fruit             |       |       |       |     3 |     4 |     6 |     1 |       |       ||    14
       Royal jelly       |       |       |       |     2 |     2 |     5 |     2 |       |       ||    11
       Meat ration       |       |       |       |       |       |     1 |       |     4 |     1 ||     6
       Bread ration      |       |       |       |       |       |     1 |     1 |       |     1 ||     3
Armor: Ring mail         |    35 |    83 |   104 |    18 |       |       |       |       |       ||   240
       Animal skin       |     3 |       |       |       |       |       |       |       |       ||     3
       Chain mail        |       |       |       |   196 |   464 |   813 |   915 |   516 |       ||  2904
       Plate armour      |       |       |       |       |       |       |       |    51 |   612 ||   663
Dodge: Dodged            |    72 |   130 |   190 |   236 |   418 |   682 |   733 |   481 |   522 ||  3464
Block: Other             |       |       |       |       |    42 |       |       |       |       ||    42
